Map: Abyssal Reef LE

Players

Arctur

  • Race: Terran Terran
  • Spawn Location: 5:00

losira - Winner!

  • Race: Zerg Zerg
  • Spawn Location: 11:00

Event: IEM XI Katowice - World Championship 2017

VOD

Have the link to the VOD?

Description

Time

  • Played on: Feb. 28, 2017, 6:36 a.m.
  • Length: 10:55

All games in this series

Show
View Real Time Build Order
Export as new Build Order

Arctur Terran 

Build Orders: MMM Bio 

Get SALT Encoding   

  12  0:00  SCV  
  13  0:12  SCV  
  14  0:17  Supply Depot  
  14  0:24  SCV  
  15  0:38  SCV  
  15  0:40  Barracks  
  16  0:44  Refinery  
  16  0:50  SCV  
  17  1:03  SCV  
  18  1:15  SCV  
  19  1:27  Marine, Orbital Command  
  20  1:41  Command Center  
  20  1:46  Marine  
  21  1:52  Supply Depot  
  21  1:55  SCV  
  22  2:05  Factory  
  22  2:10  SCV  
  22  2:11  Barracks Reactor  
  23  2:16  Refinery  
  23  2:22  SCV  
  24  2:34  SCV  
  25  2:46  SCV  
  26  2:55  Orbital Command  
  26  2:58  SCV  
  26  3:04  Starport  
  26  3:10  Marine, SCV  
  26  3:18  Hellion x2  
  30  3:22  SCV  
  30  3:24  SCV  
  32  3:29  Marine  
  33  3:34  SCV  
  33  3:36  SCV  
  33  3:39  Hellion x2  
  39  3:43  Medivac  
  39  3:48  Marine  
  41  3:51  Armory  
  41  3:52  SCV  
  41  3:54  SCV  
  44  3:57  Supply Depot  
  44  4:04  SCV  
  44  4:06  SCV  
  46  4:13  Barracks Tech Lab  
  46  4:19  Hellion x2  
  46  4:24  SCV x2  
  52  4:27  Command Center  
  52  4:36  SCV x2  
  52  4:37  Supply Depot  
  54  4:43  Supply Depot  
  54  4:58  SCV x2, Hellion x2  
  60  5:02  Hellion x4  
  58  5:10  SCV x2  
  58  5:12  Banshee  
  58  5:13  Barracks Tech Lab  
  57  5:22  SCV x2  
  57  5:27  Engineering Bay  
  57  5:28  Engineering Bay  
  56  5:34  SCV x2, Refinery, Barracks x2  
  56  5:35  Stimpack, Refinery  
  58  5:36  Factory Reactor  
  58  5:37  Marine  
  58  5:41  Orbital Command  
  59  5:46  SCV  
  59  5:47  SCV  
  61  5:51  Supply Depot  
  61  5:59  SCV x2  
  63  6:09  Marine  
  64  6:15  Banshee  
  65  6:22  SCV x2  
  67  6:25  Orbital Command  
  67  6:26  Marine  
  68  6:34  SCV x2  
  68  6:36  Marine x2  
  72  6:40  Engineering Bay  
  72  6:41  Barracks Reactor  
  72  6:42  Engineering Bay  
  72  6:47  Marine, SCV x2  
  72  6:51  Barracks, Factory Reactor  
  72  6:52  Marine x2  
  72  6:53  Barracks  
  72  6:54  Marine x2  
  77  6:55  SCV  
  77  6:59  SCV  
  77  7:00  Supply Depot  
  77  7:01  Supply Depot x2  
  81  7:05  Marine  
  81  7:08  Starport Reactor  
  82  7:09  Marine x2  
  82  7:11  Marine, SCV x3  
  82  7:12  Marine  
  89  7:23  Marine, SCV x3  
  89  7:27  Marine x2  
  93  7:31  Marine x2  
  93  7:32  Widow Mine x2  
  93  7:35  Supply Depot, SCV x3  
  102  7:37  Supply Depot  
  102  7:39  Barracks Reactor  
  102  7:40  Barracks Reactor  
  102  7:41  Marine  
  102  7:44  Terran Infantry Weapons Level 1  
  103  7:45  Marine  
  103  7:47  SCV x3  
  107  7:51  Marine x2  
  107  7:52  Medivac x2  
  107  7:54  Combat Shields  
  110  7:58  Supply Depot  
  110  7:59  SCV x3  
  110  8:00  Supply Depot  
  100  8:15  SCV x3  
  100  8:17  Marine  
  100  8:18  Marine x3  
  100  8:22  Medivac x2  
  100  8:24  Widow Mine x2  
  100  8:25  Marine, Marauder  
  110  8:27  SCV x3  
  110  8:32  Marine  
  110  8:33  Marine x2  
  116  8:45  Marine  
  116  8:46  Marine x2  
  119  8:50  Supply Depot  
  119  8:52  Widow Mine, Medivac x2  
  125  8:55  Barracks  
  125  8:57  Barracks  
  125  8:59  Widow Mine  
  116  9:04  Marine  
  116  9:08  Marine x3  
  106  9:10  Marine x2  
  106  9:14  Marine  
  106  9:16  Marine x2  
  103  9:21  Widow Mine  
  103  9:22  Marine  
  105  9:26  Marine x2, SCV x2  
  105  9:27  Widow Mine  
  103  9:33  Marine x2  
  90  9:39  SCV  
  90  9:40  Marine x4, Marauder, SCV  
  90  9:44  Marine x2  
  98  9:52  Barracks Tech Lab, SCV  
  99  9:57  Marine  
  100  10:02  Marauder  
  98  10:10  Marine  
  98  10:11  Marine x4  
  98  10:13  Marine x2, Widow Mine  
  98  10:14  Widow Mine  
  90  10:15  Marine  
  86  10:23  Marauder  
  86  10:25  SCV  
  86  10:28  Marine  
  78  10:29  Marine x4  
  78  10:31  Marine x2  
  78  10:35  SCV x2  
  74  10:37  SCV  
Show
View Real Time Build Order
Export as new Build Order

losira Zerg - Winner!

Build Orders: Hatch First, Muta Ling Bane 

Get SALT Encoding   

  12  0:00  Drone  
  13  0:08  Drone  
  14  0:15  Extractor  
  14  0:16  Drone  
  15  0:22  Overlord  
  15  0:45  Hatchery  
  15  0:48  Drone  
  15  0:52  Drone  
  15  0:56  Drone  
  17  1:01  Drone  
  17  1:03  Extractor  
  17  1:16  Spawning Pool  
  16  1:19  Drone  
  16  1:22  Drone  
  18  1:32  Drone  
  19  1:46  Drone  
  20  1:53  Drone  
  21  1:57  Drone  
  22  2:02  Queen  
  22  2:03  Queen  
  22  2:04  Zergling x2  
  22  2:07  Metabolic Boost  
  27  2:10  Zergling x2  
  28  2:16  Overlord  
  28  2:22  Overlord  
  28  2:30  Overlord  
  28  2:36  Drone  
  29  2:38  Drone  
  29  2:40  Drone  
  29  2:42  Queen  
  33  2:47  Drone  
  34  2:52  Overlord  
  34  2:58  Drone  
  34  3:03  Drone  
  36  3:09  Drone  
  36  3:10  Drone  
  36  3:11  Drone  
  36  3:12  Drone x4  
  42  3:17  Drone  
  42  3:19  Evolution Chamber  
  42  3:20  Drone  
  42  3:25  Queen  
  45  3:32  Queen  
  47  3:35  Zergling x2  
  47  3:36  Zergling x2  
  47  3:38  Zergling x2  
  50  3:43  Overlord  
  50  3:45  Zerg Ground Armor Level 1  
  50  3:56  Hatchery  
  50  4:00  Drone x2  
  51  4:05  Zergling x4  
  51  4:06  Overlord  
  53  4:11  Baneling Nest  
  53  4:13  Extractor, Drone x2  
  53  4:14  Drone  
  54  4:17  Overlord  
  54  4:21  Overlord  
  54  4:24  Zergling x2  
  54  4:25  Zergling x2  
  54  4:28  Zergling x2  
  54  4:29  Zergling x4  
  59  4:35  Zergling x2  
  59  4:36  Zergling x2  
  59  4:37  Zergling x2  
  62  4:41  Zergling x2  
  63  4:49  Zergling x2  
  63  4:51  Zergling x6  
  63  4:52  Zergling x6  
  70  4:53  Zergling x2  
  73  5:00  Overlord  
  73  5:04  Overlord  
  69  5:11  Drone  
  69  5:12  Drone  
  67  5:21  Zergling x10  
  64  5:24  Queen  
  64  5:25  Queen  
  64  5:27  Drone  
  73  5:30  Drone x2  
  73  5:32  Drone  
  76  5:39  Baneling x4  
  76  5:40  Zerg Melee Weapons Level 1, Baneling x2  
  76  5:41  Baneling x4  
  76  5:42  Zergling x2  
  77  5:43  Baneling x3  
  77  5:44  Drone x4  
  77  5:46  Drone  
  82  5:50  Zergling x2  
  82  5:53  Zergling x2  
  82  5:54  Zergling x2  
  80  6:04  Drone  
  80  6:06  Drone x2  
  80  6:09  Drone x2  
  80  6:12  Drone  
  80  6:14  Drone  
  80  6:15  Zergling x2  
  80  6:16  Drone  
  80  6:17  Drone x5  
  80  6:18  Lair, Zergling x2  
  79  6:25  Extractor  
  79  6:26  Drone  
  79  6:27  Extractor  
  79  6:29  Overlord, Extractor x2  
  79  6:30  Zergling x2  
  77  6:38  Drone x3  
  80  6:41  Zergling x6, Drone  
  80  6:42  Queen, Evolution Chamber, Drone x2  
  80  6:46  Drone x2  
  80  6:47  Drone  
  90  6:48  Overlord  
  90  6:52  Zergling x2  
  90  6:53  Drone  
  92  6:57  Baneling x4  
  92  7:01  Zergling x2  
  93  7:02  Zergling x2  
  93  7:03  Zergling x2  
  93  7:06  Zergling x2  
  93  7:07  Zergling x4  
  98  7:09  Overlord  
  98  7:10  Zergling x2, Hatchery  
  98  7:11  Zergling x2  
  98  7:13  Zergling x2  
  100  7:15  Zergling x2  
  100  7:16  Zergling x2  
  100  7:17  Zergling x4  
  100  7:21  Overlord  
  104  7:22  Zerg Ground Armor Level 2  
  104  7:23  Centrifical Hooks  
  104  7:25  Zergling x2  
  104  7:27  Drone  
  106  7:31  Spire  
  106  7:32  Zergling x2  
  106  7:34  Zerg Melee Weapons Level 2  
  106  7:35  Zergling x2  
  106  7:36  Zergling x2  
  108  7:37  Zergling x2  
  108  7:38  Zergling x2  
  108  7:40  Overlord  
  108  7:43  Zergling x6  
  113  7:47  Zergling x6  
  113  7:49  Drone x2  
  116  7:52  Drone  
  116  7:55  Drone  
  116  7:58  Drone  
  111  8:08  Zergling x10  
  111  8:10  Overlord  
  111  8:12  Overlord  
  113  8:18  Zergling x2  
  113  8:19  Zergling x8  
  111  8:20  Zergling x2  
  107  8:27  Baneling  
  107  8:28  Baneling x9  
  107  8:30  Zergling x6  
  107  8:32  Drone x6  
  116  8:35  Drone  
  116  8:36  Drone  
  116  8:37  Drone  
  116  8:38  Baneling x2  
  116  8:41  Drone x4  
  121  8:47  Baneling x3  
  121  8:48  Baneling x3  
  123  8:51  Mutalisk x4  
  123  8:53  Zerg Flyer Armor Level 1  
  123  8:55  Mutalisk  
  133  9:01  Mutalisk  
  133  9:02  Mutalisk x3  
  138  9:06  Mutalisk  
  138  9:07  Mutalisk  
  133  9:10  Zergling x2  
  133  9:11  Zergling x8  
  133  9:14  Mutalisk  
  136  9:20  Mutalisk, Drone x2  
  136  9:23  Drone x5  
  137  9:29  Mutalisk  
  135  9:32  Zergling x10  
  135  9:37  Mutalisk  
  137  9:40  Zergling x12  
  137  9:41  Extractor  
  137  9:42  Zergling x2  
  137  9:43  Zergling x2, Extractor  
  137  9:45  Mutalisk  
  142  9:50  Zergling x12  
  149  9:53  Zergling x2  
  149  9:54  Overlord  
  149  9:58  Mutalisk  
  149  9:59  Zergling x2  
  150  10:00  Zergling x2  
  150  10:01  Overlord  
  150  10:02  Overlord  
  150  10:03  Overlord  
  144  10:07  Mutalisk  
  144  10:08  Mutalisk  
  144  10:11  Zergling x8  
  143  10:19  Zergling x16  
  150  10:25  Mutalisk  
  150  10:28  Zergling x4  
  150  10:34  Hatchery  

Tags
 
Add a new tag
Caveats
  • Supply blocks, unpowered buildings, or Contaminate may cause inaccurate times.
  • Supply counts are checked every 10 seconds.